 Dungeon Crawl Stone Soup version 0.22.0 (webtiles) character file.

39 Blackhawk the Skirmisher (level 3, -4/30 HPs)
             Began as a Formicid Abyssal Knight on Oct 26, 2018.
             Was a Follower of Lugonu.
             Slain by a water moccasin zombie (6 damage)
             ... on level 2 of the Dungeon.
             The game lasted 00:02:29 (1242 turns).

Blackhawk the Skirmisher (Formicid Abyssal Knight)  Turns: 1242, Time: 00:02:30

Health: -4/30      AC:  3    Str: 17    XL:     3   Next: 70%
Magic:  5/5        EV: 11    Int: 11    God:    Lugonu [*.....]
Gold:   18         SH:  0    Dex: 10    Spells: 2/2 levels left

rFire    . . .     SeeInvis +   a - +1 mace
rCold    . . .     Gourm    .   (no shield)
rNeg     . . .     Faith    .   b - +0 leather armour
rPois    .         Spirit   .   (helmet unavailable)
rElec    .         Reflect  .   (no cloak)
rCorr    .         Harm     .   (no gloves)
MR       .....                  (no boots)
Stlth    +.........             (no amulet)
HPRegen  0.10/turn              (no ring)
MPRegen  0.09/turn              (no ring)

@: no status effects
A: permanent stasis, dig shafts and tunnels, four strong arms, antennae 3
a: Dig, Shaft Self, Depart the Abyss, Renounce Religion


You were on level 2 of the Dungeon.
You worshipped Lugonu.
Lugonu was aware of your devotion.
You were hungry.

You visited 1 branch of the dungeon, and saw 2 of its levels.
You visited the Abyss 1 time.

You collected 18 gold pieces.

Inventory:

Hand Weapons
 a - a +1 mace (weapon)
Missiles
 f - 32 stones (quivered)
Armour
 b - a +0 leather armour (worn)
Jewellery
 i - a cursed -2 ring of protection {unknown}
Scrolls
 d - a scroll of enchant weapon {unknown}
 e - 3 scrolls of teleportation {unknown}
 h - a scroll of amnesia {unknown}
Comestibles
 c - a ration


   Skills:
 + Level 3.6 Fighting
 + Level 2.4 Maces & Flails
 + Level 2.6 Armour
 + Level 1.4 Dodging
 + Level 2.7 Invocations


You had 2 spell levels left.
You didn't know any spells.
Your spell library was empty.

Dungeon Overview and Level Annotations

Branches:
Dungeon (2/15)

Altars:


Innate Abilities, Weirdness & Mutations

You cannot be hasted, slowed, berserked, paralysed or teleported.
You can dig through walls and to a lower floor.
Your four strong arms can wield two-handed weapons with a shield.
You have a pair of large antennae on your head. (SInv)


Message History

You hit the water moccasin zombie but do no damage.
The water moccasin zombie bites you.
You barely miss the water moccasin zombie.
The water moccasin zombie bites you. The water moccasin zombie misses you.
You sock the water moccasin zombie!
The water moccasin zombie is lightly damaged.
The water moccasin zombie bites you.
You hit the water moccasin zombie.
The water moccasin zombie is moderately damaged.
The water moccasin zombie bites you but does no damage.
The water moccasin zombie bites you.
* * * LOW HITPOINT WARNING * * *
You sock the water moccasin zombie!
The water moccasin zombie is heavily damaged.
The water moccasin zombie bites you.
* * * LOW HITPOINT WARNING * * *
You barely miss the water moccasin zombie.
The water moccasin zombie is heavily damaged.
The water moccasin zombie bites you.
You die...

#### ...
###.#### ......
######..#######
#$.............
#.####..######
#......#
#..@##.# #..Z<#
#....# #.....
#.......
##......#
#...#...
......##. #..#.
.. ..


You could see a water moccasin zombie.

Vanquished Creatures
  An ooze (D:1)
  A leopard gecko (D:1)
  3 bats (D:1)
  2 giant cockroaches (D:1)
  2 goblins (D:1)
  5 hobgoblins (D:1)
  4 jackals (D:1)
  4 frilled lizards (D:1)
  9 kobolds (D:1)
  A rat (D:1)
32 creatures vanquished.

Vanquished Creatures (others)
  5 toadstools (D:2)
5 creatures vanquished.

Grand Total: 37 creatures vanquished

Notes
Turn   | Place    | Note
-------+----------+-------------------------------------------
     0 | Abyss:1  | Blackhawk the Formicid Abyssal Knight began the quest for the Orb.
     0 | Abyss:1  | Reached XP level 1. HP: 18/18 MP: 2/2
     6 | Abyss:1  | Found a corrupted altar of Lugonu.
    62 | Abyss:1  | Noticed a ynoxinul
    63 | D:1      | Escaped the Abyss
   110 | D:1      | Reached skill level 1 in Dodging
   126 | D:1      | Reached XP level 2. HP: 7/24 MP: 3/3
   386 | D:1      | Reached * piety under Lugonu
   452 | D:1      | Reached XP level 3. HP: 29/29 MP: 4/4
  1242 | D:2      | Slain by a water moccasin zombie

Skill      XL: |  1 |
---------------+----+-----
Dodging        | 1 |  1.4
Fighting       | |  3.6
Maces & Flails | |  2.4
Armour         | |  2.6
Invocations    | |  2.7

Action                   || total
-------------------------++-------
Melee: Mace              ||    90
Invok: Depart the Abyss  ||     1
 Abil: Dig               ||     2
  Eat: Chunk             ||     1
Armor: Leather armour    ||    19
Dodge: Dodged            ||    74
